 Dungeon Sprint DCSS version 0.26-a0-658-gbdda728c12 (webtiles) character file.

Game seed: 11620799612331328794

19098 mhtbhm the Imperceptible (level 13, -2/110 HPs)
             Began as a Kobold Berserker on Oct 5, 2020.
             Was the Champion of Trog.
             Slain by a +0 vorpal hand axe (13 damage)
             ... in the Dungeon (Sprint III: "The Ten Rune Challenge").
             The game lasted 00:10:14 (3623 turns).

mhtbhm the Imperceptible (Kobold Berserker)         Turns: 3623, Time: 00:10:15

Health: -2/110     AC:  7    Str: 18    XL:     13   Next: 2%
Magic:  4/4        EV: 25    Int: 10    God:    Trog [******]
Gold:   521        SH:  0    Dex: 14    Spells: 12/12 levels left

rFire    . . .     SeeInvis +   a - +5 quick blade (antimagic)
rCold    . . .     Faith    .   (shield restricted)
rNeg     + . .     Spirit   .   b - +2 robe {rN+}
rPois    .         Reflect  .   (no helmet)
rElec    .         Harm     .   (no cloak)
rCorr    .         Rampage  +   p - +1 pair of gloves
MR       .....     NoTele   +   h - +0 pair of boots {rampage}
Stlth    +++++++++.             r - amulet of Vitality {Regen+ HP+15}
HPRegen  0.68/turn              (no ring)
MPRegen  0.09/turn              (no ring)

@: lethally poisoned (-2 -> -4), berserk cooldown, slowed, very slow
A: small, hooves 1, see invisible, nightstalker 3, MP-powered wands
a: Berserk, Trog's Hand, Brothers in Arms, Renounce Religion


You were in the Dungeon.
You worshipped Trog.
Trog was exalted by your worship.
You visited 1 branch You collected 2107 gold pieces.
You spent 1586 gold pieces at shops.

Inventory:

Hand Weapons
 a - a +5 antimagic quick blade (weapon)
Missiles
 q - 7 curare-tipped darts (quivered)
Armour
 b - a +2 robe of positive energy (worn)
 h - a +0 pair of boots of rampaging (worn)
 p - a +1 pair of gloves (worn)
Jewellery
 r - the amulet of Vitality (around neck) {Regen+ HP+15}
   (You bought it in a shop in the Dungeon)

   [amulet of regeneration]

   It affects your health (+15).
   It increases your rate of regeneration.
Wands
 n - a wand of paralysis (16)
Scrolls
 i - 2 scrolls of holy word
 j - 2 scrolls of identify
 k - 2 scrolls of remove curse
Potions
 c - 2 potions of curing
 d - a potion of heal wounds
 e - a potion of haste
 f - 2 potions of magic
 g - a potion of berserk rage
 l - 2 potions of flight
 m - 4 potions of mutation
Miscellaneous
 o - a phantom mirror


   Skills:
 + Level 16.7 Fighting
 + Level 20.8 Short Blades
 + Level 4.0 Throwing
 + Level 4.8 Armour
 + Level 15.0 Dodging
 + Level 21.7 Stealth


You had 12 spell levels left.
You didn't know any spells.
Your spell library was empty.

Dungeon Overview and Level Annotations

Branches:
Dungeon (1/1)

Altars:
Cheibriados
Dithmenos
Elyvilon
Fedhas
Gozag
Hepliaklqana
Kikubaaqudgha
Makhleb
Nemelex Xobeh
Okawaru
Qazlal
Ru
Sif Muna
Trog
Uskayaw
Vehumet
Wu Jian
Xom
Yredelemnul
Zin
The Shining One
Beogh
Jiyva
Lugonu

Shops:
D :}[!=*(:[(?(


Innate Abilities, Weirdness & Mutations

You are small and have problems with some larger weapons.
You are completely attuned to the shadows.
You have large cloven feet.
You have supernaturally acute eyesight. (SInv)
You expend magic power (3 MP) to strengthen your wands.


Message History

Your Dodging skill increases to level 15!
You have reached level 13!
You feel your anger nearly subside.
You feel sick.
You are no longer berserk.
You are exhausted.
You feel yourself slow down.
You feel sick.
Your cyclops completely misses the +0 vorpal hand axe.
The +0 vorpal hand axe hits your cyclops!
You feel sick.
The +0 vorpal hand axe hits your cyclops!
Your cyclops completely misses the +0 vorpal hand axe.
The +0 vorpal hand axe hits your cyclops.
Unknown command.
You feel sick.
The +0 vorpal hand axe hits your cyclops!
Your cyclops dies!
Your cyclops's corpse disappears in a puff of smoke!
You feel sick. The +0 vorpal hand axe hits you!
You die...

#:..#.†.#..#
#...#.).#..#
##'###'##..#
###.......'..+
##.#.#####.####
#######..'.#)..'.#[.#
......'..#######.'..#
..########.. ..#.####
###.∩⌠⌠..#..#..#@#..#
#§#.∩⌠⌠∩.#.#.#.#('..#
..#.∩∩∩∩.#....(#)#..#
§.#.∩∩∩∩.#.....#)#..#
..#......#.#.#.'.#..#
..###''###..#..#.#..#
..#.⌠..⌠.#)....######
#.#§.....# #####
#.§......#


You could see a +0 vorpal hand axe.

Vanquished Creatures
  A fire dragon (D)
  Erolcha (D)
  A centaur warrior (D)
  A dancing weapon (D)
  Urug (D)
  5 orc high priests (D)
  A deep elf knight (D)
  An obsidian statue (D)
  5 deep elf magi (D)
  A lindwurm (D)
  4 crystal guardians (D)
  A faun (shapeshifter) (D)
  2 cane toads (D)
  A rime drake (D)
  A komodo dragon (D)
  4 spriggan defenders (D)
  3 wandering mushrooms (D)
  2 tyrant leeches (D)
  2 slime creatures (D)
  5 redbacks (D)
  A shadow (D)
  A spatial vortex (D)
  A swamp drake (D)
  A necrophage (D)
  5 two-headed ogres (D)
  A water elemental (D)
  A scorpion (D)
  18 killer bees (D)
  A jelly (D)
  4 orc priests (D)
  A wizard (D)
  A necromancer (D)
  2 orc wizards (D)
  3 humans (D)
  A kobold demonologist (D)
  7 orcs (D)
  4 rats (D)
96 creatures vanquished.

Vanquished Creatures (collateral kills)
  Dowan (D)
  2 dancing weapons (D)
  Duvessa (D)
  A queen bee (D)
  14 killer bees (D)
  2 orc priests (D)
  2 orcs (D)
23 creatures vanquished.

Vanquished Creatures (others)
  7 plants (D)
7 creatures vanquished.

Grand Total: 126 creatures vanquished

Notes
Turn   | Place    | Note
-------+----------+-------------------------------------------
     0 | D        | mhtbhm the Kobold Berserker began the quest for the Orb.
     0 | D        | Reached XP level 1. HP: 14/14 MP: 1/1
    92 | D        | Reached ** piety under Trog
   102 | D        | Noticed a scorpion
   116 | D        | Reached skill level 5 in Short Blades
   116 | D        | Reached skill level 1 in Stealth
   116 | D        | Reached XP level 2. HP: 20/20 MP: 2/2
   116 | D        | Reached XP level 3. HP: 24/24 MP: 3/3
   166 | D        | Killed a scorpion
   166 | D        | Reached skill level 2 in Stealth
   166 | D        | Reached XP level 4. HP: 32/32 MP: 4/4
   194 | D        | Gained mutation: You expend magic power (3 MP) to
                  | strengthen your wands. [potion of mutation]
   194 | D        | Gained mutation: You have large cloven feet. [potion of
                  | mutation]
   194 | D        | Gained mutation: You have supernaturally acute eyesight.
                  | (SInv) [potion of mutation]
   195 | D        | Noticed a water elemental
   203 | D        | Killed a water elemental
   203 | D        | Reached *** piety under Trog
   203 | D        | Reached skill level 3 in Stealth
   203 | D        | Reached XP level 5. HP: 17/37 MP: 5/5
   393 | D        | Found a basalt altar of Yredelemnul.
   393 | D        | Found a shadowy altar of Dithmenos.
   393 | D        | Found a sacrificial altar of Ru.
   393 | D        | Noticed a necrophage
   399 | D        | Killed a necrophage
   399 | D        | Reached skill level 10 in Short Blades
   399 | D        | Reached skill level 4 in Stealth
   399 | D        | Reached XP level 6. HP: 44/44 MP: 6/6
   400 | D        | Reached skill level 5 in Dodging
   441 | D        | Found a hide-covered altar of Uskayaw.
   441 | D        | Found a roughly hewn altar of Beogh.
   441 | D        | Found an iron altar of Okawaru.
   441 | D        | Found a bloodstained altar of Trog.
   441 | D        | Found an ornate altar of the Wu Jian Council.
   441 | D        | Noticed a human
   442 | D        | Noticed a human
   449 | D        | Killed a human
   449 | D        | Reached **** piety under Trog
   449 | D        | Reached skill level 5 in Stealth
   449 | D        | Reached XP level 7. HP: 51/51 MP: 7/7
   460 | D        | Killed a human
   460 | D        | Reached skill level 6 in Stealth
   517 | D        | Found a glowing silver altar of Zin.
   517 | D        | Found a glowing golden altar of the Shining One.
   517 | D        | Found a white marble altar of Elyvilon.
   518 | D        | Noticed a deep elf mage
   542 | D        | Killed a deep elf mage
   542 | D        | Reached skill level 10 in Fighting
   542 | D        | Reached skill level 7 in Stealth
   542 | D        | Reached XP level 8. HP: 49/59 MP: 8/8
   672 | D        | Found a radiant altar of Vehumet.
   672 | D        | Found a shimmering blue altar of Sif Muna.
   672 | D        | Found an ancient bone altar of Kikubaaqudgha.
   674 | D        | Reached ***** piety under Trog
   698 | D        | Noticed a shadow
   716 | D        | Killed a shadow
   716 | D        | Reached skill level 15 in Short Blades
   716 | D        | Reached skill level 8 in Stealth
   883 | D        | Found a blossoming altar of Fedhas.
   883 | D        | Found a stormy altar of Qazlal.
   883 | D        | Found a snail-covered altar of Cheibriados.
   883 | D        | Found a burning altar of Makhleb.
   883 | D        | Found a shimmering altar of Xom.
   884 | D        | Found a hazy altar of Hepliaklqana.
   884 | D        | Found an opulent altar of Gozag.
   884 | D        | Found a sparkling altar of Nemelex Xobeh.
   884 | D        | Found a corrupted altar of Lugonu.
   884 | D        | Found a viscous altar of Jiyva.
   910 | D        | Reached skill level 9 in Stealth
   914 | D        | Reached XP level 9. HP: 64/64 MP: 9/9
  1034 | D        | Noticed a two-headed ogre
  1037 | D        | Killed a two-headed ogre
  1037 | D        | Reached skill level 10 in Stealth
  1042 | D        | Noticed a two-headed ogre
  1042 | D        | Noticed Erolcha
  1044 | D        | Killed Erolcha
  1044 | D        | Reached ****** piety under Trog
  1044 | D        | Received a gift from Trog
  1044 | D        | Reached skill level 11 in Stealth
  1045 | D        | Killed a two-headed ogre
  1045 | D        | Reached skill level 12 in Stealth
  1080 | D        | Reached XP level 10. HP: 72/72 MP: 3/10
  1459 | D        | Reached skill level 13 in Stealth
  1467 | D        | Received a gift from Trog
  1492 | D        | Noticed Dowan
  1492 | D        | Noticed Duvessa
  1498 | D        | Killed Dowan
  1498 | D        | Reached skill level 14 in Stealth
  1501 | D        | Killed Duvessa
  1501 | D        | Reached skill level 15 in Stealth
  1728 | D        | Noticed a cane toad
  1728 | D        | Noticed a komodo dragon
  1728 | D        | Noticed a cane toad
  1745 | D        | Killed a cane toad
  1745 | D        | Reached skill level 10 in Dodging
  1761 | D        | Killed a cane toad
  1761 | D        | Reached skill level 1 in Throwing
  1768 | D        | Killed a komodo dragon
  1768 | D        | Reached skill level 16 in Stealth
  2068 | D        | Noticed a rime drake
  2069 | D        | Killed a rime drake
  2069 | D        | Reached XP level 11. HP: 78/78 MP: 3/11
  2275 | D        | Received a gift from Trog
  2289 | D        | Noticed a lindwurm
  2298 | D        | Killed a lindwurm
  2298 | D        | Reached skill level 17 in Stealth
  2446 | D        | Noticed Urug
  2448 | D        | Killed Urug
  2448 | D        | Reached skill level 18 in Stealth
  2521 | D        | Received a gift from Trog
  2531 | D        | Received a gift from Trog
  2550 | D        | Received a gift from Trog
  2570 | D        | Received a gift from Trog
  2872 | D        | Noticed an orc high priest
  2879 | D        | Received a gift from Trog
  2884 | D        | Noticed an orc high priest
  2889 | D        | Killed an orc high priest
  2890 | D        | Reached skill level 19 in Stealth
  2891 | D        | Received a gift from Trog
  2897 | D        | Found Jiebei Guem's Book Shop.
  2902 | D        | Killed an orc high priest
  3022 | D        | Noticed a deep elf mage
  3023 | D        | Noticed a deep elf mage
  3023 | D        | Noticed a deep elf mage
  3024 | D        | Noticed a deep elf knight
  3024 | D        | Noticed a deep elf mage
  3030 | D        | Killed a deep elf mage
  3035 | D        | Killed a deep elf mage
  3035 | D        | Received a gift from Trog
  3035 | D        | Reached XP level 12. HP: 86/86 MP: 4/12
  3044 | D        | Killed a deep elf knight
  3048 | D        | Reached skill level 15 in Fighting
  3140 | D        | Received a gift from Trog
  3157 | D        | Reached skill level 20 in Stealth
  3237 | D        | Found Saibi's Antique Weapon Emporium.
  3237 | D        | Found Jukiwim's Armour Shop.
  3237 | D        | Found Geng's Antique Weapon Shoppe.
  3237 | D        | Found Ziphaer's Assorted Antiques.
  3237 | D        | Found Quikhluj's Book Emporium.
  3237 | D        | Found Qohaddot's Magic Scroll Shop.
  3238 | D        | Found Xithritorch's Jewellery Boutique.
  3238 | D        | Found Ohyocs's Distillery.
  3238 | D        | Found Nibluhog's Antique Armour Shop.
  3238 | D        | Found Sighuizuo's Weapon Emporium.
  3239 | D        | Found Gutiexeg's Gadget Emporium.
  3270 | D        | Bought a pair of glowing boots for 240 gold pieces
  3270 | D        | Bought a pair of runed gloves for 240 gold pieces
  3282 | D        | Bought the amulet of Vitality {Regen+ HP+15} for 1106 gold
                  | pieces
  3282 | D        | Found the amulet of Vitality {Regen+ HP+15}
  3313 | D        | Noticed a crystal guardian
  3313 | D        | Noticed a crystal guardian
  3314 | D        | Killed a crystal guardian
  3316 | D        | Noticed a crystal guardian
  3317 | D        | Killed a crystal guardian
  3318 | D        | Noticed a crystal guardian
  3328 | D        | Killed a crystal guardian
  3328 | D        | Received a gift from Trog
  3344 | D        | Killed a crystal guardian
  3533 | D        | Received a gift from Trog
  3565 | D        | Noticed a centaur warrior
  3567 | D        | Killed a centaur warrior
  3567 | D        | Reached skill level 21 in Stealth
  3574 | D        | Noticed a fire dragon
  3576 | D        | Killed a fire dragon
  3597 | D        | Noticed a +2 long sword of venom
  3598 | D        | Noticed a +0 flail of protection
  3599 | D        | Noticed a +0 vorpal hand axe
  3599 | D        | Noticed a +4 trident of freezing
  3613 | D        | Killed a +2 long sword of venom
  3615 | D        | Killed a +0 flail of protection
  3618 | D        | Killed a +4 trident of freezing
  3618 | D        | Reached skill level 15 in Dodging
  3618 | D        | Reached XP level 13. HP: 23/95 MP: 4/13
  3623 | D        | Slain by a +0 vorpal hand axe

Illustrated notes

Levels and vault maps discovered:
D:        dungeon_sprint_mu [sprint_mu_entry_cave, sprint_mu_temple_rooms,
          sprint_mu_d1_spiders, sprint_mu_d2_genie, sprint_mu_d3_branching,
          sprint_mu_orc_legion, sprint_mu_elf_gauntlet, sprint_mu_hive_nellie,
          sprint_mu_lair_fedhas, sprint_mu_vaults_butterflies,
          sprint_mu_slime_circle, sprint_mu_swamp_cave, sprint_mu_shoals_archi,
          sprint_mu_blade_basic, sprint_mu_crypt_lich, sprint_mu_tomb_spiral,
          sprint_mu_vestibule_basic, sprint_mu_gehenna_hellfire,
          sprint_mu_dis_giant, sprint_mu_tartarus_statrot,
          sprint_mu_cocytus_islands, sprint_mu_zot1]

Skill      XL: |  1  2  3  4  5  6  7  8  9 10 11 12 |
---------------+-------------------------------------+-----
Fighting       | 4 6 7 9 10 11 12 13 14 16 | 16.7
Short Blades   | 5 7 8 10 11 14 15 17 18 19 20 | 20.8
Armour         | 2 3 4 |  4.8
Dodging        | 3 4 5 7 9 10 12 15 | 15.0
Stealth        | 1 2 3 4 5 7 9 12 16 19 21 | 21.7
Throwing       | 1 3 4 |  4.0

Action                   |  1- 3 |  4- 6 |  7- 9 | 10-12 | 13-15 || total
-------------------------+-------+-------+-------+-------+-------++-------
Melee: Short sword       |    15 |    16 |    34 |       |       ||    65
       Kick              |       |     6 |    19 |    71 |       ||    96
       Dagger            |       |       |    35 |    58 |       ||    93
       Rapier            |       |       |       |    64 |       ||    64
       Quick blade       |       |       |       |   195 |       ||   195
Throw: Throwing net      |       |       |       |     5 |       ||     5
Invok: Berserk           |     1 |     3 |     4 |     9 |       ||    17
       Brothers in Arms  |       |       |       |     6 |       ||     6
  Use: Potion            |       |     1 |       |       |       ||     1
       Scroll            |       |       |       |     2 |       ||     2
 Stab: Sleeping          |     2 |       |     7 |    19 |       ||    28
       Held in net/web   |       |       |       |     1 |       ||     1
Armor: Animal skin       |     4 |       |     2 |       |       ||     6
       Robe              |       |       |     1 |     9 |       ||    10
Dodge: Dodged            |     2 |     6 |    29 |   154 |       ||   191

Table legend: (Time is in decaauts)
 A = Elapsed time spent in this place.
 B = Non-inter-level travel time spent in this place.
 C = Inter-level travel time spent in this place.
 D = Time resting spent in this place.
 E = Time spent auto-exploring this place.
 F = Levels seen in this place.
 G = Mean time per level.
                   A        B        C        D        E       F      G
               +--------+--------+--------+--------+--------+-----+--------+
         Total |   3535 |   3535 |      0 |   2190 |     86 |   1 | 3535.0 |
       Dungeon |   3535 |   3535 |      0 |   2190 |     86 |   1 | 3535.0 |
               +--------+--------+--------+--------+--------+-----+--------+

Top non-repeatable levels by time:
       D: 3535 daAuts
